Map: Dreamcatcher LE

Players

liquidthermy (uThermal)

  • Race: Terran Terran
  • League: Master
  • Spawn Location: 11:00

Serral - Winner!

  • Race: Zerg Zerg
  • League: Master
  • Spawn Location: 5:00

Event: HomeStory Cup XVIII

VOD

Have the link to the VOD?

Description

Time

  • Played on: Nov. 25, 2018, 8:51 a.m.
  • Length: 15:14

All games in this series

Show
View Real Time Build Order
Export as new Build Order

liquidthermy Terran 

Build Orders: Reaper Expand, Hellion Banshee 

Get SALT Encoding   

  12  0:01  SCV  
  13  0:13  SCV  
  14  0:17  Supply Depot  
  14  0:25  SCV  
  15  0:38  SCV  
  15  0:40  Barracks  
  16  0:43  Refinery  
  16  0:50  SCV  
  17  1:03  SCV  
  18  1:15  SCV  
  19  1:28  Reaper, Orbital Command  
  20  1:39  Command Center  
  20  1:48  Supply Depot  
  20  1:53  SCV  
  21  2:00  Marine  
  22  2:05  SCV  
  22  2:07  Factory  
  23  2:11  Refinery  
  23  2:18  SCV  
  23  2:20  Barracks Reactor  
  23  2:30  Barracks Reactor, SCV  
  24  2:42  SCV  
  22  2:51  Hellion  
  22  2:54  SCV  
  22  2:56  Starport  
  24  3:06  SCV  
  25  3:17  Barracks Tech Lab  
  25  3:18  SCV  
  25  3:19  Hellion x2  
  30  3:21  Orbital Command  
  30  3:30  SCV  
  31  3:38  Cloaking Field  
  31  3:39  Banshee  
  34  3:43  Hellion  
  34  3:46  SCV  
  34  3:47  SCV  
  38  3:53  Hellion  
  38  3:54  Marine  
  41  3:58  SCV  
  41  3:59  SCV  
  43  4:04  Supply Depot  
  43  4:10  SCV  
  43  4:11  SCV  
  43  4:13  Armory  
  45  4:26  Hellion x2  
  45  4:28  Supply Depot  
  45  4:29  Banshee  
  52  4:33  SCV x2  
  54  4:39  Supply Depot  
  54  4:49  SCV x2  
  54  4:50  Hellion x2  
  60  5:02  Command Center  
  60  5:05  SCV  
  61  5:08  Terran Vehicle And Ship Armor Level 1  
  61  5:10  SCV  
  62  5:14  Refinery  
  62  5:18  SCV  
  63  5:22  Banshee  
  63  5:25  Hellion x2  
  70  5:35  SCV, Barracks Tech Lab  
  65  5:36  Factory  
  65  5:38  Factory  
  65  5:40  SCV  
  64  5:46  Hellion x2  
  64  5:47  SCV  
  64  5:49  Supply Depot, Refinery  
  66  5:52  SCV  
  67  5:59  SCV  
  67  6:02  Barracks Tech Lab  
  69  6:04  SCV  
  69  6:11  Hellion x2, Banshee, SCV  
  76  6:17  SCV  
  78  6:24  SCV  
  79  6:29  SCV  
  79  6:31  Mag-Field Accelerator  
  79  6:32  Cyclone x2  
  86  6:33  Hellion  
  86  6:36  SCV  
  86  6:37  Supply Depot  
  86  6:38  Supply Depot  
  89  6:41  Infernal Pre-Igniter, SCV  
  91  6:49  Refinery  
  91  6:50  Orbital Command  
  91  6:53  Refinery  
  91  6:54  Hellion  
  89  6:56  SCV  
  89  6:59  Banshee  
  93  7:03  SCV  
  93  7:07  Cyclone  
  97  7:08  Supply Depot  
  97  7:09  SCV  
  97  7:10  Supply Depot  
  97  7:11  Cyclone  
  101  7:15  SCV  
  101  7:16  Supply Depot  
  101  7:18  SCV  
  101  7:22  Supply Depot, Hellion  
  105  7:24  SCV  
  108  7:30  Supply Depot, Hellion, SCV  
  109  7:41  SCV  
  109  7:42  Banshee  
  109  7:43  Cyclone x2  
  119  7:44  SCV  
  119  7:45  SCV  
  120  7:53  SCV  
  120  7:57  Starport  
  121  7:59  Starport, Supply Depot, SCV  
  121  8:00  Hellion  
  124  8:09  Supply Depot, SCV  
  124  8:12  SCV  
  126  8:15  Cyclone  
  126  8:17  SCV  
  130  8:21  Hellion  
  130  8:22  SCV  
  133  8:32  Cyclone, Command Center  
  133  8:33  Hellion  
  133  8:34  Supply Depot, Terran Vehicle And Ship Armor Level 2  
  138  8:40  Starport Tech Lab  
  138  8:41  Starport Tech Lab  
  138  8:47  Banshee  
  141  8:49  Hyperflight Rotors  
  141  8:50  Cyclone  
  141  8:53  Supply Depot, Hellion  
  146  8:56  Engineering Bay  
  146  9:06  Banshee x2  
  146  9:08  Supply Depot, Cyclone  
  159  9:17  Hellion x2  
  159  9:22  Cyclone  
  159  9:23  Supply Depot  
  162  9:38  Banshee  
  165  9:41  Cyclone  
  163  9:50  Banshee  
  166  9:54  Cyclone  
  156  10:00  Banshee  
  156  10:02  Hellion  
  156  10:03  Hellion  
  149  10:13  Cyclone  
  143  10:21  SCV x2  
  143  10:22  SCV x2  
  143  10:26  Cyclone  
  138  10:33  SCV  
  138  10:34  SCV x2  
  139  10:37  Banshee  
  139  10:38  Hellion x12  
  139  10:42  Hellion x2  
  146  10:45  Cyclone, SCV  
  146  10:47  SCV  
  151  10:50  SCV  
  151  10:53  Terran Vehicle And Ship Armor Level 3  
  152  10:58  Cyclone, SCV  
  152  11:03  SCV  
  157  11:18  Hellion  
  159  11:23  Banshee  
  162  11:26  Planetary Fortress  
  162  11:27  SCV x2  
  162  11:32  Smart Servos  
  164  11:33  Banshee  
  164  11:36  SCV  
  164  11:39  Factory, SCV x2  
  170  11:41  Supply Depot x2, Factory  
  170  11:48  SCV  
  170  11:50  Cyclone x2  
  170  11:52  Hellion  
  169  11:58  SCV  
  164  12:04  SCV  
  164  12:08  SCV  
  142  12:09  SCV  
  142  12:10  Refinery  
  142  12:11  Refinery  
  142  12:14  Banshee  
  142  12:15  SCV  
  147  12:17  SCV  
  147  12:22  Cyclone x2  
  154  12:24  SCV  
  154  12:29  Factory Tech Lab x2  
  155  12:33  SCV  
  147  12:38  SCV  
  147  12:41  Hellion  
  147  12:43  Hellion  
  140  12:44  SCV x2  
  140  12:45  SCV  
  140  12:47  Banshee  
  140  12:50  SCV  
  147  12:54  Cyclone x2, Banshee  
  147  12:56  Cyclone  
  159  12:59  SCV x2  
  161  13:06  Banshee  
  161  13:07  SCV  
  153  13:13  Cyclone  
  153  13:14  Hellion x2  
  157  13:21  SCV x2  
  157  13:26  Cyclone x2  
  165  13:28  Command Center  
  165  13:32  Banshee  
  168  13:35  Cyclone  
  171  13:44  Missile Turret  
  171  13:45  Missile Turret, Cyclone  
  171  13:51  Hellion x2  
  169  13:58  Cyclone  
  166  14:04  Cyclone  
  160  14:11  Cyclone  
  161  14:17  Cyclone  
  164  14:30  Cyclone  
  167  14:36  Cyclone, Hellion x2  
  167  14:37  Orbital Command  
  156  14:43  Refinery  
Show
View Real Time Build Order
Export as new Build Order

Serral Zerg - Winner!

Build Orders: Pool First, Roach Hydra 

Get SALT Encoding   

  12  0:00  Drone  
  13  0:12  Overlord  
  13  0:17  Drone  
  14  0:31  Drone x2  
  16  0:40  Spawning Pool  
  15  0:44  Drone  
  15  0:47  Drone  
  17  1:08  Hatchery  
  17  1:11  Drone  
  17  1:24  Extractor  
  16  1:27  Zergling x4  
  16  1:28  Zergling x2  
  16  1:31  Queen  
  21  1:38  Overlord  
  21  1:51  Drone  
  22  2:02  Drone  
  22  2:07  Queen  
  25  2:10  Drone  
  26  2:20  Drone  
  27  2:23  Drone  
  27  2:25  Queen  
  30  2:30  Drone  
  30  2:35  Drone  
  31  2:42  Drone x2  
  32  2:47  Metabolic Boost  
  32  2:48  Overlord  
  32  2:49  Drone x2  
  34  2:52  Drone  
  34  3:08  Hatchery  
  34  3:09  Drone  
  34  3:11  Drone  
  35  3:15  Drone  
  35  3:16  Drone  
  37  3:21  Queen  
  37  3:25  Drone  
  37  3:26  Drone  
  41  3:29  Overlord  
  41  3:33  Drone  
  42  3:34  Drone  
  42  3:36  Drone  
  44  3:44  Overlord  
  44  3:48  Zergling x2  
  44  3:49  Zergling x8  
  44  3:51  Zergling x2  
  44  3:53  Drone  
  51  3:58  Drone  
  51  3:59  Lair  
  52  4:03  Overlord  
  52  4:07  Queen  
  52  4:09  Drone  
  55  4:13  Zergling x2  
  56  4:18  Drone x2, Roach Warren  
  56  4:19  Extractor  
  56  4:20  Drone  
  56  4:21  Drone  
  56  4:23  Drone  
  59  4:25  Drone  
  59  4:27  Spore Crawler  
  59  4:31  Overlord  
  59  4:32  Drone  
  59  4:34  Zergling x2  
  61  4:40  Overlord  
  61  4:41  Drone x3  
  64  4:45  Overlord  
  64  4:49  Overlord  
  64  4:55  Zergling x4  
  64  4:57  Overseer  
  64  5:00  Drone, Roach  
  64  5:01  Roach  
  64  5:05  Roach x2  
  73  5:09  Overlord  
  73  5:13  Roach x3  
  79  5:17  Drone, Spore Crawler  
  79  5:19  Drone x2  
  81  5:21  Drone  
  81  5:22  Drone  
  81  5:24  Drone  
  84  5:30  Drone x3  
  84  5:32  Drone x2  
  85  5:37  Drone x2  
  85  5:39  Drone  
  87  5:44  Drone x2  
  87  5:48  Overseer, Drone  
  89  5:52  Evolution Chamber  
  89  5:53  Extractor x2, Drone x3  
  89  5:55  Queen  
  91  5:57  Drone  
  91  5:58  Glial Reconstitution  
  91  6:00  Drone  
  91  6:02  Drone  
  94  6:05  Drone x2  
  94  6:06  Drone x2  
  96  6:12  Drone x3  
  99  6:18  Zerg Missile Weapons Level 1  
  99  6:20  Hydralisk Den  
  99  6:21  Extractor  
  99  6:22  Extractor, Infestation Pit, Drone x3  
  99  6:25  Drone x2  
  99  6:28  Overlord  
  100  6:36  Overlord  
  100  6:37  Drone x2  
  102  6:47  Drone x2  
  102  6:50  Drone x2, Hatchery  
  102  6:53  Drone x4  
  102  6:54  Drone  
  106  6:59  Hive  
  106  7:00  Muscular Augments  
  106  7:03  Overlord  
  106  7:09  Drone x3  
  106  7:10  Roach x3  
  106  7:12  Roach  
  117  7:18  Overlord, Spore Crawler  
  117  7:21  Roach x4  
  124  7:37  Overlord  
  124  7:39  Overseer  
  124  7:42  Overlord  
  124  7:43  Extractor  
  123  7:45  Extractor  
  123  7:47  Drone x3  
  123  7:48  Hydralisk x2, Drone, Evolution Chamber  
  123  7:49  Hydralisk x3  
  135  7:55  Overlord x2  
  135  7:57  Overseer  
  135  7:59  Hydralisk x3  
  135  8:03  Queen  
  144  8:05  Ravager  
  144  8:06  Ravager x3, Hydralisk  
  144  8:11  Grooved Spines  
  149  8:14  Roach x4  
  157  8:20  Spore Crawler  
  154  8:30  Zerg Missile Weapons Level 2  
  154  8:31  Zerg Ground Armor Level 1  
  154  8:32  Drone x3  
  156  8:41  Viper x2  
  150  8:42  Overlord  
  150  8:43  Zergling x12  
  150  8:47  Overlord x2  
  160  8:49  Hatchery  
  160  8:51  Viper  
  162  8:56  Overseer, Spore Crawler x2  
  162  8:58  Overseer  
  156  9:12  Queen x3  
  156  9:16  Viper x2  
  166  9:24  Drone x3  
  166  9:25  Drone x3  
  166  9:28  Spawning Pool  
  166  9:30  Hydralisk x3  
  176  9:34  Zergling x10  
  181  9:44  Hydralisk  
  181  9:45  Hydralisk x3  
  189  9:47  Overlord  
  189  9:48  Overlord  
  189  9:50  Overlord  
  183  9:57  Overlord  
  173  10:02  Hydralisk x3  
  173  10:06  Hydralisk x2  
  177  10:11  Hydralisk x2  
  174  10:18  Hydralisk x3  
  172  10:21  Overseer  
  172  10:27  Hydralisk x5  
  178  10:38  Pneumatized Carapace  
  178  10:41  Spore Crawler  
  177  10:43  Drone, Hatchery, Spore Crawler  
  177  10:46  Viper x2  
  177  10:49  Overseer  
  182  10:51  Zerg Missile Weapons Level 3  
  182  10:54  Extractor x2  
  182  10:56  Drone  
  181  10:57  Drone x3  
  181  10:58  Drone x2  
  181  10:59  Drone  
  187  11:13  Hydralisk x7  
  195  11:19  Hydralisk x2  
  195  11:23  Hatchery  
  198  11:37  Spire  
  198  11:38  Drone x2  
  198  11:39  Drone  
  200  11:43  Spine Crawler  
  200  11:45  Spine Crawler, Spore Crawler x2  
  200  11:46  Overlord, Drone x2  
  200  11:47  Drone  
  199  11:50  Drone  
  199  11:53  Hydralisk x2  
  197  11:59  Hydralisk x3  
  189  12:07  Hydralisk x4  
  189  12:14  Hydralisk x4  
  198  12:23  Hatchery  
  198  12:27  Hydralisk  
  199  12:30  Zerg Ground Armor Level 2  
  199  12:42  Hydralisk  
  199  12:47  Spore Crawler  
  199  12:49  Greater Spire  
  198  12:59  Drone  
  199  13:06  Spawning Pool  
  196  13:20  Extractor, Hydralisk x2  
  199  13:44  Spore Crawler  
  194  14:06  Hydralisk x6  
  192  14:10  Overseer  
  192  14:14  Hydralisk x7  
  199  14:46  Extractor x2  
  199  14:50  Drone  
Tags
 
Add a new tag
Caveats
  • Supply blocks, unpowered buildings, or Contaminate may cause inaccurate times.
  • Supply counts are checked every 10 seconds.